AoeStats
← riccardo.zuanni

Arabia

508474445Analyzed
1v1 RM · 9d ago on Sep 22, 2026· 38m 46s· 2 players
Game mode
Random Map
Map size
Tiny (2 player)
Population
200
Speed
Normal
Resources
Standard
Victory
Conquest
Starting age
Dark Age
Ending age
Imperial Age
RankedLock teamsTeams togetherTeam positionsShared explorationLock speedFull tech treeHidden civsTurbo modeCheats
Victory
Defeat
🇮🇹 Wei · Italy
848
+17
🇭🇺 Varangians · Hungary
871
-17
riccardo.zuanni
2:43 Loom
12:22 Feudal Age
22:27 Castle Age
22:50 Pikeman
26:26 Scale Mail Armor
29:29 Man-at-Arms
32:20 Horse Collar
37:28 Imperial Age
36:28 Long Swordsman
pizsamasbanan
7:28 Loom
10:54 Feudal Age
12:18 Double-Bit Axe
13:53 Bloodlines
17:06 Forging
20:34 Scale Barding Armor
20:34 Gold Mining
22:11 Horse Collar
22:24 Fletching
29:16 Castle Age
30:22 Chain Barding Armor
30:39 Iron Casting
30:16 Light Cavalry
Connection lost

Rejoining the realm…

Still unreachable

The connection could not be restored.

Session expired

The server has moved on; the page needs a fresh start.